cohdb
Replays
Latest Replays
All Replays
Popular Replays
Top Player Replays
Match Explorer
How It Works
Community
CoH3 Stats
Reddit
Sign in to upload your games and track your stats! →
Sign in with Steam
Match 43678867
Unlisted
Match 43678867
Overview
Messages
Build Orders
End
Construct Section Command Post
Dingo Light Scout Car
Royal Engineer Section
Selects Canadian Shock Battlegroup
Vickers Machine Gun Team
Vickers Machine Gun Team
Construct Platoon Command Post
Selects Offensive Resupply
Selects Canadian Shock Section
Canadian Shock Section
Selects Incendiary Munitions
CMP 15cwt Truck
Canadian Shock Section
Humber Armored Car
Selects Pyrotechnics
Canadian Shock Section
CMP 15cwt Truck
Forward Retreat Point
Canadian Shock Section
Infantry Training
Selects Churchill Crocodile Heavy Tank
Churchill Crocodile Heavy Tank
Armored Vehicle Training
Canadian Shock Section
Selects Smoke Operation
Royal Engineer Section
Forward Retreat Point
Chubbybro
Biggus dickus
MaPa
Alekel
Gwangju's Hero Chun Doo-gwang
freedman1984
inc.
Dolan Tittenberg
0
0
Comments
sign in to comment!
No comments posted yet!